 Dungeon Crawl Stone Soup version 0.28.0-53-g5a82cb258f (webtiles) character file.

Game seed: 14084140428893203627

74 Gabide the Poker (level 4, 0/35 HPs)
             Began as a Human Monk on June 2, 2022.
             Killed by nerve-wracking pain
             ... invoked by an orc priest
              (14 damage)
             ... on level 3 of the Dungeon.
             The game lasted 00:04:25 (2200 turns).

Gabide the Poker (Human Monk)                       Turns: 2200, Time: 00:04:26

Health: 0/35       AC:  7    Str: 11    XL:     4   Next: 52%
Magic:  4/4        EV: 11    Int: 11    God:
Gold:   62         SH:  0    Dex: 17    Spells: 3/3 levels left

rFire   + . .      SeeInvis .   a - +0 spear
rCold   . . .      Faith    .   (no shield)
rNeg    . . .      Spirit   .   p - +0 ring mail
rPois   .          Reflect  .   (no helmet)
rElec   .          Harm     .   (no cloak)
rCorr   .          Rampage  .   m - +1 pair of gloves
Will    .....                   (no boots)
Stlth   +.........              (no amulet)
HPRegen 0.11/turn               e - ring of protection from fire
MPRegen 0.09/turn               (no ring)

@: no status effects
A: no striking features
a: no special abilities


You were on level 3 of the Dungeon.
You visited 1 branch of the dungeon, and saw 3 of its levels.

You collected 62 gold pieces.

Inventory:

Hand Weapons
 a - a +0 spear (weapon)
Missiles
 k - 5 boomerangs (quivered)
Armour
 b - a +0 robe
 m - a +1 pair of gloves (worn)
 p - a +0 ring mail (worn)
Jewellery
 e - a ring of protection from fire (left hand)
Scrolls
 c - a scroll of silence {unknown}
 d - a scroll of fear
 f - a scroll of teleportation
 h - a scroll of blinking {unknown}
 l - a scroll of vulnerability {unknown}
 o - a scroll of immolation {unknown}
Potions
 g - a potion of attraction {unknown}
 i - a potion of lignification
 j - a potion of berserk rage {unknown}


   Skills:
 - Level 3.0 Fighting
 + Level 4.9 Polearms
 - Level 3.0 Dodging
 - Level 2.0 Stealth


You had 3 spell levels left.
You didn't know any spells.
Your spell library contained the following spells:

 Spells                   Type           Power      Damage    Failure   Level
 Magic Dart               Conj           0%         1d3       65%         1
 Searing Ray              Conj           0%         2d4       78%         2
 Sublimation of Blood     Necr           0%         N/A       78%         2
 Fulminant Prism          Conj/Hex       0%         3d6       100%        4
 Petrify                  Tmut/Erth      0%         N/A       100%        4
 Irradiate                Conj/Tmut      0%         3d13      100%        5


Dungeon Overview and Level Annotations

Branches:
Dungeon (3/15)

Altars:

Shops:
D:2 *


Message History

The orc priest hits you with a +0 hand axe!
You hit the orc priest but do no damage.
The orc priest is moderately wounded.
The orc priest begins to cast a cantrip, but forgets the words!
You hit the orc priest but do no damage.
The orc priest is moderately wounded.
You hit the orc priest.
The orc priest is moderately wounded.
The orc priest misses you.
You barely miss the orc priest.
The orc priest is moderately wounded.
The orc priest barely misses you.
You hit the orc priest but do no damage.
The orc priest is moderately wounded.
The orc priest hits you with a +0 hand axe.
You are too injured to fight recklessly!
You are too injured to fight recklessly!
You are too injured to fight recklessly!
You are too injured to fight recklessly!
You are too injured to fight recklessly!
You are too injured to fight recklessly!
You are too injured to fight recklessly!
You are too injured to fight recklessly!
You are too injured to fight recklessly!
You are too injured to fight recklessly!
You are too injured to fight recklessly!
You are too injured to fight recklessly!
You are too injured to fight recklessly!
You are too injured to fight recklessly!
You are too injured to fight recklessly!
You are too injured to fight recklessly!
You hit the orc priest but do no damage.
The orc priest is moderately wounded.
The orc priest calls down the wrath of Beogh upon you.
Pain shoots through your body!
You hit the orc priest.
The orc priest is heavily wounded.
The orc priest mumbles some strange prayers to Beogh against you.
Pain shoots through your body!
You die...

#.†# .#
##.#####..###
#...........#
#.##.#####..#
#...........#
#.######.##.#
# #.# #.# #@#
#o#


{oo K.o## .##.# #. ... # ... >|. .# You could see an orc priest, 3 orcs and a
kobold.

Vanquished Creatures
  An adder (D:2)
  A worm (D:3)
  5 dart slugs
  2 orcs
  7 bats
  7 endoplasms
  3 giant cockroaches
  2 goblins
  4 hobgoblins
  4 kobolds
  A quokka (D:1)
  4 ball pythons
  2 frilled lizards (D:1)
  2 rats
45 creatures vanquished.

Notes
Turn   | Place    | Note
-------+----------+-------------------------------------------
     0 | D:1      | Gabide the Human Monk began the quest for the Orb.
     0 | D:1      | Reached XP level 1. HP: 18/18 MP: 1/1
   113 | D:1      | Reached XP level 2. HP: 22/24 MP: 2/2
   337 | D:1      | Reached XP level 3. HP: 29/29 MP: 3/3
   400 | D:1      | Reached skill level 4 in Polearms
  1133 | D:2      | Found Urubaveo's General Store.
  1194 | D:2      | Reached XP level 4. HP: 5/35 MP: 4/4
  1194 | D:2      | HP: 1/52 [frozen (4)]
  2200 | D:3      | Killed from afar by an orc priest

Illustrated notes

Levels and vault maps discovered:
D:1:      dpeg_arrival_pond, layout_basic
D:2:      layout_rooms, serial_shops, shop
D:3:      layout_loops_ring, dreamdust_ecumenical_altar_statues

Skill      XL: |  1  2  3 |
---------------+----------+-----
Polearms       | 4 |  4.9
Fighting       | |  3.0
Dodging        | |  3.0
Stealth        | |  2.0

Action                   |  1- 3 |  4- 6 || total
-------------------------+-------+-------++-------
Melee: Spear             |    86 |    36 ||   122
       Punch             |     1 |     1 ||     2
Throw: Stone             |    42 |       ||    42
       Boomerang         |    10 |    21 ||    31
  Use: Potion            |     1 |       ||     1
       Scroll            |       |     2 ||     2
 Stab: Sleeping          |     1 |     1 ||     2
Armor: Robe              |    10 |       ||    10
       Skin              |     9 |       ||     9
       Ring mail         |       |     3 ||     3
Dodge: Dodged            |    33 |    12 ||    45
